Map: Lerilak Crest

Players

StoicLoofah

  • Race: Terran Terran

CLAGE - Winner!

  • Race: Protoss Protoss

VOD

Have the link to the VOD?

Description

Time

  • Played on: May 15, 2015, 10:26 p.m.
  • Length: 15:42
Show
View Real Time Build Order
Export as new Build Order

StoicLoofah Terran 

Build Orders: Reaper Expand, MMM Bio 

Get SALT Encoding   

  12  0:01  SCV  
  13  0:13  SCV  
  14  0:21  Supply Depot  
  14  0:25  SCV  
  15  0:43  SCV  
  15  0:44  Barracks  
  15  0:46  Refinery  
  16  0:55  SCV  
  17  1:07  SCV  
  18  1:19  SCV  
  19  1:33  Supply Depot, Orbital Command  
  19  1:36  Reaper  
  20  1:51  Command Center  
  20  2:00  SCV  
  21  2:12  SCV  
  21  2:14  Barracks Reactor  
  22  2:20  Barracks  
  22  2:22  Barracks  
  22  2:24  SCV  
  23  2:36  SCV  
  24  2:48  SCV  
  24  2:50  Marine x2  
  27  3:00  SCV  
  27  3:03  Orbital Command  
  28  3:09  Marine x2  
  28  3:10  Marine x2  
  31  3:22  Factory  
  31  3:28  Marine x2  
  31  3:29  Barracks Tech Lab  
  31  3:30  Barracks Tech Lab  
  31  3:32  SCV x2  
  35  3:35  Refinery  
  30  3:56  Marine  
  30  3:57  Marauder, Marine  
  30  3:58  Marauder  
  30  3:59  SCV x2  
  38  4:11  Stimpack  
  38  4:12  Combat Shields  
  38  4:14  SCV, Orbital Command  
  40  4:21  Supply Depot  
  40  4:22  Supply Depot  
  39  4:36  Bunker  
  39  4:38  SCV  
  40  4:39  Marauder x2, Marine x2  
  40  4:44  Engineering Bay  
  46  4:58  SCV x2  
  48  5:04  Marauder x2, Marine x2  
  48  5:06  Factory Reactor  
  54  5:10  Refinery  
  54  5:11  Starport  
  54  5:13  Refinery  
  54  5:17  Supply Depot  
  54  5:18  Supply Depot  
  54  5:22  Terran Infantry Weapons Level 1  
  54  5:24  Marine x2  
  54  5:27  SCV x2  
  58  5:29  Marauder x2  
  58  5:33  Supply Depot  
  62  5:39  SCV x2  
  64  5:44  Marine  
  64  5:45  Marine  
  66  5:56  Supply Depot x2  
  66  5:58  Missile Turret, Marauder x2  
  66  5:59  Medivac x2  
  74  6:04  Supply Depot  
  74  6:07  Marine x2  
  76  6:13  SCV x2  
  78  6:25  SCV x2  
  80  6:27  Marauder x2, Marine x2  
  84  6:40  Medivac x2  
  88  6:48  Marauder x2  
  88  6:51  SCV  
  88  6:52  SCV  
  94  6:57  Marine x2  
  96  7:05  Command Center, Engineering Bay  
  96  7:06  Armory  
  95  7:16  Terran Infantry Armor Level 1  
  95  7:19  Marauder x2, Marine x2  
  92  7:31  Medivac x2  
  92  7:36  Marine  
  96  7:38  SCV x2  
  99  7:48  Supply Depot  
  99  7:49  Barracks x2  
  99  7:51  Supply Depot  
  99  7:53  Supply Depot  
  99  7:57  Terran Infantry Weapons Level 2  
  99  7:59  Terran Vehicle And Ship Armor Level 1  
  99  8:00  SCV  
  99  8:01  SCV  
  71  8:22  Marauder x2, Marine x2  
  65  8:35  Planetary Fortress  
  65  8:40  Marine  
  66  8:43  Marauder  
  66  8:46  Marine  
  66  8:47  Marine x2  
  66  8:48  Marauder  
  73  8:49  Medivac x2  
  73  8:53  SCV x2  
  79  9:00  Refinery  
  79  9:04  Marine  
  79  9:06  Marauder  
  82  9:15  Marine  
  82  9:16  Marine  
  84  9:24  SCV x2  
  84  9:25  SCV  
  84  9:27  Refinery  
  84  9:29  Command Center  
  87  9:37  Sensor Tower  
  87  9:39  Marine x4, Marauder x2  
  95  9:54  Medivac x2  
  99  10:01  Marauder x2, Marine x4  
  107  10:15  Factory Tech Lab  
  107  10:17  Terran Infantry Weapons Level 3, Terran Infantry Armor Level 2  
  107  10:18  Terran Vehicle and Ship Weapons Level 1  
  107  10:19  Marine x2  
  109  10:25  Fusion Core  
  109  10:29  SCV x2  
  109  10:30  SCV  
  112  10:52  Thor  
  118  10:57  Marauder x2, Marine x4  
  118  11:02  Orbital Command  
  126  11:06  Medivac x2  
  126  11:10  Concussive Shells  
  126  11:11  Starport  
  130  11:15  Marine  
  131  11:26  Starport  
  131  11:39  Command Center  
  131  11:41  Siege Tank  
  131  11:44  Marauder, Marine x2  
  131  11:45  Marauder, Marine x2  
  142  12:02  Marine  
  143  12:13  Marine x2  
  143  12:14  Marauder x2, Marine  
  86  12:27  Marine  
  82  12:31  Marine  
  82  12:35  Marine x2  
  82  12:36  Marine  
  82  12:37  Siege Tank, Marauder  
  88  12:40  Starport Tech Lab x2  
  91  12:54  Marauder  
  91  13:00  Marine x3  
  91  13:04  Battlecruiser x2  
  106  13:07  Medivac x2  
  110  13:13  Terran Vehicle and Ship Weapons Level 2  
  110  13:28  SCV x3  
  113  13:36  Marine x3, Marauder x2  
  120  13:41  Medivac x2  
  120  13:44  Marine  
  120  13:47  Refinery  
  125  13:57  Marauder  
  125  14:00  Weapon Refit  
  127  14:06  Marine x2, Marauder  
  127  14:07  Refinery, Marine x2  
  127  14:09  Siege Tank  
  136  14:19  Battlecruiser  
  142  14:30  Marine x4  
  146  14:31  Marine  
  146  14:32  Marine  
  146  14:33  Battlecruiser  
  145  14:48  Marine  
  145  14:52  Marine x3  
  149  14:56  Supply Depot  
  149  14:57  Supply Depot x2  
  149  14:58  Supply Depot  
  149  14:59  Supply Depot  
  149  15:18  Marine  
Show
View Real Time Build Order
Export as new Build Order

CLAGE Protoss - Winner!

Build Orders: 1 Gate Expand, Adept Opening, Disruptor Archon 

Get SALT Encoding   

  12  0:01  Probe  
  13  0:12  Pylon  
  13  0:17  Probe  
  14  0:30  Probe (Chrono Boost)  
  15  0:37  Gateway  
  15  0:42  Probe (Chrono Boost)  
  16  0:49  Probe  
  17  0:50  Assimilator  
  17  0:57  Assimilator  
  17  1:01  Probe  
  18  1:13  Probe  
  19  1:25  Cybernetics Core, Probe (Chrono Boost)  
  20  1:29  Pylon  
  20  1:36  Probe (Chrono Boost)  
  21  1:43  Probe (Chrono Boost)  
  22  1:55  Probe  
  23  2:02  Adept (Chrono Boost)  
  25  2:11  Nexus  
  25  2:14  Probe  
  26  2:22  Adept (Chrono Boost)  
  28  2:27  Probe  
  29  2:32  Pylon  
  29  2:34  Warp Gate (Chrono Boost)  
  29  2:41  Probe  
  30  2:53  Mothership Core  
  30  2:55  Robotics Facility  
  32  3:14  Probe  
  32  3:17  Stalker (Chrono Boost)  
  35  3:26  Probe  
  36  3:31  Probe  
  37  3:38  Probe  
  38  3:42  Pylon  
  38  3:43  Probe  
  37  3:56  Probe  
  37  3:59  Observer (Chrono Boost)  
  39  4:03  Probe, Robotics Bay  
  39  4:04  Assimilator  
  39  4:05  Assimilator  
  39  4:07  Pylon  
  39  4:08  Stalker (Chrono Boost), Probe  
  43  4:21  Observer  
  43  4:23  Probe x2  
  46  4:25  Gateway  
  46  4:27  Gateway  
  46  4:31  Gateway  
  46  4:35  Probe  
  45  4:39  Probe  
  46  4:46  Stalker  
  46  4:47  Probe (Chrono Boost)  
  49  4:58  Probe (Chrono Boost)  
  51  5:05  Probe (Chrono Boost)  
  51  5:07  Pylon  
  55  5:08  Disruptor (Chrono Boost)  
  55  5:10  Probe (Chrono Boost)  
  56  5:22  Probe x2  
  58  5:30  Twilight Council  
  58  5:34  Probe, Warp Prism (Chrono Boost)  
  61  5:37  Stalker x2  
  65  5:47  Nexus, Pylon  
  65  5:51  Probe  
  66  5:57  Probe  
  66  5:58  Disruptor  
  66  6:03  Pylon  
  71  6:05  Forge  
  71  6:07  Disruptor (Chrono Boost)  
  71  6:13  Blink (Chrono Boost)  
  71  6:14  Zealot x4  
  71  6:17  Probe  
  64  6:40  Disruptor  
  64  6:47  Stalker  
  64  6:48  Stalker x2  
  64  6:49  Protoss Ground Weapons Level 1 (Chrono Boost)  
  64  6:52  Disruptor (Chrono Boost)  
  75  6:57  Probe (Chrono Boost)  
  75  7:00  Probe (Chrono Boost)  
  77  7:02  Stalker  
  77  7:05  Probe (Chrono Boost)  
  79  7:09  Assimilator  
  79  7:10  Gateway  
  79  7:11  Photon Cannon  
  79  7:13  Assimilator  
  79  7:19  Stalker x3  
  75  7:23  Probe x2  
  75  7:27  Stalker  
  79  7:33  Probe  
  79  7:35  Probe  
  81  7:40  Disruptor  
  81  7:42  Disruptor (Chrono Boost)  
  85  7:45  Zealot x3  
  85  7:48  Disruptor  
  85  7:49  Probe  
  92  7:52  Pylon  
  92  7:55  Gateway  
  92  8:01  Probe  
  92  8:03  Stalker  
  95  8:06  Stalker x2  
  95  8:08  Stalker  
  95  8:21  Zealot  
  85  8:31  Probe  
  85  8:32  Charge (Chrono Boost)  
  85  8:34  Disruptor (Chrono Boost)  
  90  8:35  Robotics Facility  
  90  8:38  Probe  
  90  8:39  Probe  
  92  8:42  Protoss Ground Weapons Level 2 (Chrono Boost)  
  92  8:45  Stalker  
  92  8:46  Zealot x2  
  98  8:50  Stalker  
  98  8:52  Zealot  
  98  8:55  Zealot  
  104  8:58  Probe  
  104  8:59  Probe  
  104  9:02  Pylon  
  106  9:14  Probe  
  111  9:18  Disruptor (Chrono Boost)  
  111  9:19  Templar Archives  
  111  9:27  Probe x2  
  113  9:33  Zealot x3  
  113  9:34  Zealot  
  121  9:38  Pylon  
  121  9:39  Psionic Storm  
  121  9:45  Nexus  
  121  9:47  Pylon  
  125  10:02  Pylon  
  125  10:03  Disruptor (Chrono Boost)  
  125  10:06  Gateway  
  125  10:10  Stalker  
  125  10:11  Zealot  
  125  10:12  High Templar x2  
  133  10:17  Archon  
  133  10:20  Zealot x2  
  141  10:38  Disruptor (Chrono Boost), Pylon  
  137  10:45  Zealot, Protoss Ground Armor Level 1 (Chrono Boost)  
  137  10:46  Zealot x3  
  137  10:49  Pylon  
  145  10:53  Pylon  
  145  10:57  High Templar  
  145  10:58  High Templar  
  149  11:13  Probe  
  149  11:17  Pylon  
  154  11:18  Stalker x2  
  154  11:19  Zealot x3  
  154  11:22  Disruptor (Chrono Boost)  
  164  11:29  Warp Prism (Chrono Boost)  
  164  11:32  Probe  
  167  11:33  Disruptor x4, Pylon  
  167  11:45  Zealot  
  167  11:46  Zealot x3  
  175  11:47  High Templar x2  
  175  11:51  Archon  
  175  11:53  Zealot  
  127  12:23  Zealot x4  
  127  12:25  Zealot x2  
  139  12:31  Zealot  
  141  12:38  Protoss Ground Armor Level 2 (Chrono Boost)  
  141  12:42  Forge  
  141  12:46  Gateway  
  141  12:48  Gateway  
  141  12:50  Gateway  
  141  12:54  Gateway  
  141  12:55  Extended Thermal Lance (Chrono Boost)  
  141  13:00  High Templar x2  
  141  13:01  Colossus x2 (Chrono Boost)  
  157  13:07  High Templar  
  159  13:20  Assimilator x2  
  159  13:21  Photon Cannon  
  159  13:33  Zealot x3  
  159  13:34  Stalker  
  173  13:51  Zealot x2  
  173  13:52  Zealot x4  
  173  13:54  Colossus (Chrono Boost)  
  185  14:05  Colossus (Chrono Boost)  
  191  14:30  Zealot  
  191  14:31  Zealot  
  195  14:32  Zealot x2  
  199  14:46  Disruptor  
  199  15:00  Nexus  
  199  15:17  Pylon  
Tags
 
Add a new tag
Caveats
  • Supply blocks, unpowered buildings, or Contaminate may cause inaccurate times.
  • Supply counts are checked every 10 seconds.